 Dungeon Crawl Stone Soup version 0.30-a0-779-g7971cf19c3 (webtiles) character file.

Game seed: 11240073310752749972

663 barkas the Ruffian (level 7, -6/65 HPs)
             Began as an Armataur Cinder Acolyte on Feb 18, 2023.
             Was a High Priest of Ignis.
             Killed by vampiric draining
             ... invoked by a vampire
              (17 damage)
             ... on level 7 of the Dungeon.
             The game lasted 00:04:00 (4121 turns).

barkas the Ruffian (Armataur Cinder Acolyte)        Turns: 4121, Time: 00:04:01

Health: -6/65      AC: 11    Str: 22    XL:     7   Next: 31%
Magic:  4/8        EV:  9    Int: 14    God:    Ignis [*****.]
Gold:   143        SH:  0    Dex:  5    Spells: 6/8 levels left

rFire   + . .      SeeInvis .      - Unarmed
rCold   . . .      Faith    .    (no shield)
rNeg    . . .      Spirit   .    a - +0 robe
rPois   .          Reflect  .    (no helmet)
rElec   .          Harm     .    (no cloak)
rCorr   .          Roll     +    (no gloves)
Will    .....                    (no barding)
Stlth   +                        (no amulet)
HPRegen 0.30/turn                k - ring of flight
MPRegen 0.11/turn                (no ring)

@: fiery-armoured, flying
A: large, rugged brown scales 3, deformed body, armoured tail, roll, long
tongue, awkward tongue
a: Renounce Religion, Fiery Armour, Foxfire Swarm, Rising Flame


You were on level 7 of the Dungeon.
You worshipped Ignis.
Ignis was extremely pleased with you.
You visited 1 branch of the dungeon, and saw 5 of its levels.

You collected 143 gold pieces.

Inventory:

Armour
 a - a +0 robe (worn)
Jewellery
 k - a ring of flight (left hand)
Wands
 i - a wand of roots (25)
Scrolls
 b - a scroll of enchant armour {unknown}
 d - 3 scrolls of identify {unknown}
 f - a scroll of amnesia {unknown}
 m - a scroll of silence {unknown}
Potions
 c - a potion of attraction {unknown}
 e - a potion of magic {unknown}
 g - 3 potions of haste {unknown}
 h - a potion of brilliance {unknown}
 j - 2 potions of invisibility {unknown}
 l - a potion of mutation {unknown}


   Skills:
 + Level 5.0 Fighting
 * Level 6.5 Unarmed Combat
 - Level 1.0 Spellcasting
 - Level 2.6 Fire Magic


You had 6 spell levels left.
You knew the following spells:

 Your Spells              Type           Power      Damage    Failure   Level
a - Scorch                Fire           16%        2d6       13%         2

Your spell library contained the following spells:

 Spells                   Type           Power      Damage    Failure   Level
 Inner Flame              Hex/Fire       4%         N/A       41%         3
 Flame Wave               Conj/Fire      4%         2d5       83%         4
 Sticky Flame             Conj/Fire      4%         2d3       83%         4


Dungeon Overview and Level Annotations

Branches:
Dungeon (4/15)
 Temple: D:4-7

Altars:

Portals:
Bailey: D:7


Innate Abilities, Weirdness & Mutations

You are completely covered in rugged brown scales. (AC +3, +7% HP)
Armour fits poorly on your strangely shaped body.
You have a long armoured tail.
You roll when moving toward enemies. (Rampage)
Your long tongue fully drains potion bottles. (2x potion effects)
Your tongue gives you trouble enunciating. (1.5x scroll delay)


Message History

The vampire zaps a wand.
The roots erupt in riotous growth!
The grasping roots grab you! The grasping roots constrict you.
Your Fighting skill increases to level 5!
You escape the roots grasp.
The vampire zaps a wand.
The roots erupt in riotous growth!
The grasping roots grab you! The grasping roots constrict you.
You see here a wyvern corpse.
The roots grasp on you weakens, but your attempt to escape fails.
The vampire casts a spell.
The vampire flickers and vanishes!
Deactivating autopickup; reactivate with Ctrl-A.
You are constricted.
You escape the roots grasp.
Your cloak of flame flares fiercely!
You see here a wyvern corpse.
You miss something. Your punch misses something. Something hits you.
Something bites you but does no damage.
You hit something. Something hits you but does no damage. Something bites you.
Something draws strength from your injuries!
You hit something but do no damage.
Your tail-slap misses something.
You barely miss something. Something hits you!
Something bites you but does no damage.
You closely miss something. Your punch misses something. Something hits you.
Something bites you!
* * * LOW HITPOINT WARNING * * *
Something draws strength from your injuries!
Casting: Scorch (safe; 13% risk of failure)
Press: ? - help, Q - select action, (/) - cycle Dir - look around, f - activate Flames lash something.
Something hits you but does no damage. Something bites you.
* * * LOW HITPOINT WARNING * * *
Something draws strength from your injuries!
Unknown command.
Casting: Scorch (safe; 13% risk of failure)
Press: ? - help, Q - select action, (/) - cycle Dir - look around, f - activate Flames lash something.
Something draws life force from you!
You die...

?.... #. #...
#.##...#############
.8..........[......#
...................#
....8..............#
...................#
......{............#
.∩...8#@#######'####
..... #.# #.#
........# #.#
....8...# #.#
......### #.#######
.8.... #........
#...## #..######
#..# #..# ##. #..#


There were no monsters in sight!

Vanquished Creatures
  A wyvern (D:7)
  A water moccasin (D:7)
  2 phantoms
  Natasha (thrice) (D:2)
  7 gnolls (D:2)
  4 adders
  A white imp (D:3)
  A worm (D:1)
  3 dart slugs (D:3)
  5 endoplasms
  3 giant cockroaches
  7 goblins
  10 hobgoblins
  2 jackals (D:1)
  A kobold (D:3)
  2 quokkas (D:3)
  11 ball pythons
  8 bats
  7 frilled lizards
  5 rats
84 creatures vanquished.

Notes
Turn   | Place    | Note
-------+----------+-------------------------------------------
     0 | D:1      | barkas the Armataur Cinder Acolyte began the quest for the
                  | Orb.
     0 | D:1      | Reached XP level 1. HP: 19/19 MP: 2/2
   121 | D:1      | Reached skill level 3 in Unarmed Combat
   121 | D:1      | Found a faded altar of an unknown god.
   197 | D:1      | Reached XP level 2. HP: 24/26 MP: 3/3
   412 | D:1      | Reached XP level 3. HP: 31/33 MP: 4/4
   565 | D:2      | Noticed Natasha
   832 | D:2      | Killed Natasha
   833 | D:2      | Reached skill level 4 in Unarmed Combat
   833 | D:2      | Reached XP level 4. HP: 12/40 MP: 5/5
  1161 | D:2      | Noticed Natasha
  1568 | D:2      | Learned a level 2 spell: Scorch
  2123 | D:2      | Killed Natasha
  2124 | D:2      | Reached XP level 5. HP: 45/49 MP: 3/6
  2516 | D:2      | Noticed Natasha
  2519 | D:2      | Killed Natasha
  3037 | D:2      | Reached skill level 5 in Unarmed Combat
  3693 | D:3      | Reached XP level 6. HP: 53/55 MP: 2/7
  3969 | D:4      | You are sucked into a shaft and drop 3 floors!
  3987 | D:7      | Noticed a water moccasin
  3995 | D:7      | Killed a water moccasin
  3996 | D:7      | Reached skill level 6 in Unarmed Combat
  3996 | D:7      | Reached XP level 7. HP: 57/64 MP: 2/8
  4097 | D:7      | Noticed a wyvern
  4098 | D:7      | Found a flagged portal.
  4105 | D:7      | Noticed a vampire
  4107 | D:7      | Killed a wyvern
  4108 | D:7      | Reached skill level 5 in Fighting
  4121 | D:7      | Killed from afar by a vampire

Illustrated notes

Levels and vault maps discovered:
D:1:      enne_arrival_octagon_isle, layout_basic, serial_glass,
          glass_columns_b, glass_columns_a, glass_columns_a, glass_columns_c,
          glass_columns_a, hellmonk_ecumenical_altar_lost_god
D:2:      layout_basic, serial_curves, eino_curves_02, eino_curves_03,
          minmay_statues_item, uniq_natasha
D:3:      layout_basic, chequers_serial_rivers_micro_a, minmay_misc_feat_room
D:4:      layout_rooms, old_standard_altar, amethyst_overflow_temple_binary,
          uniq_crazy_yiuf_cottage, uniq_blork_the_orc, uniq_edmund
D:7:      layout_basic, enter_bailey_6, uniq_menkaure

Skill      XL: |  1  2  3  4  5  6  7 |
---------------+----------------------+-----
Unarmed Combat | 3 4 5 6 |  6.5
Fighting       | 3 4 5 |  5.0
Spellcasting   | |  1.0
Fire Magic     | |  2.6

Action                     |  1- 3 |  4- 6 |  7- 9 || total
---------------------------+-------+-------+-------++-------
  Melee: Unarmed           |   129 |   148 |    13 ||   290
         Tailslap          |     6 |    11 |       ||    17
         Punch             |       |     4 |     1 ||     5
   Cast: Scorch            |       |    17 |     2 ||    19
 Invoke: Fiery Armour      |       |     1 |     1 ||     2
    Use: Potion            |       |     2 |       ||     2
 Armour: Robe              |    49 |    35 |     6 ||    90
  Dodge: Dodged            |    74 |    50 |     4 ||   128

Table legend: (Time is in decaauts)
 A = Elapsed time spent in this place.
 B = Non-inter-level travel time spent in this place.
 C = Inter-level travel time spent in this place.
 D = Time resting spent in this place.
 E = Time spent auto-exploring this place.
 F = Levels seen in this place.
 G = Mean time per level.
                   A        B        C        D        E       F      G
               +--------+--------+--------+--------+--------+-----+--------+
         Total |   4117 |   3993 |    124 |    451 |   2851 |   5 |  823.4 |
       Dungeon |   4117 |   3993 |    124 |    451 |   2851 |   5 |  823.4 |
               +--------+--------+--------+--------+--------+-----+--------+

Top non-repeatable levels by time:
     D:2: 2044 daAuts
     D:3: 996 daAuts
     D:1: 838 daAuts
     D:7: 149 daAuts
     D:4: 88 daAuts
